| TOP OF THE 1ST |
|
Batavia Muckdogs batting - Pitching for Boise Hawks : RHP D.J. Pedroza
|
|
Pitching: RHP D.J. Pedroza
|
|
|
Batting: SHB Justin Corbett
|
0-0: TRIPLE (Flyball, 8LXD, EV 90.0 MPH)
|
|
Batting: LHB Danny Treto
|
0-0: Called Strike 0-1: Called Strike 0-2: Ball 1-2: SINGLE (Groundball, 34D, EV 98.1 MPH) Justin Corbett scores
|
|
Batting: RHB Reomel Somera
|
0-0: Ball 1-0: Called Strike 1-1: Swinging Strike 1-2: Fly out, F9 (Flyball, 9, EV 95.0 MPH)
|
|
Batting: RHB Justin Dunham
|
0-0: Ball 1-0: Ball 2-0: Ball 3-0: Base on Balls Danny Treto to second
|
|
Batting: SHB Greg Rivera
|
0-0: Called Strike 0-1: Ball Passed Ball! Danny Treto to third Justin Dunham to second 1-1: Ground out 6-3 (Groundball, 6, EV 80.6 MPH) Danny Treto scores
|
|
Batting: RHB George Boivin
|
0-0: Ball 1-0: Called Strike 1-1: Called Strike 1-2: Fly out, F9 (Flyball, 89D, EV 94.4 MPH)
|
| Top of the 1st over - 2 runs, 2 hits, 0 errors, 1 left on base; Batavia 2 - Boise 0 |
| BOTTOM OF THE 1ST |
|
Boise Hawks batting - Pitching for Batavia Muckdogs : RHP Ryan Weedon
|
|
Pitching: RHP Ryan Weedon
|
|
|
Batting: LHB Jerry Santana
|
0-0: Called Strike 0-1: Ground out 6-3 (Groundball, 4M, EV 110.0 MPH)
|
|
Batting: SHB Ken Griffey IV
|
0-0: Ball 1-0: Ball 2-0: Called Strike 2-1: Foul Ball, location: 2F 2-2: Ball 3-2: Base on Balls
|
|
Batting: LHB Jason Ryan
|
0-0: Swinging Strike 0-1: Called Strike 0-2: Ball 1-2: Foul Ball, location: 2F 1-2: Ball 2-2: Strikes out swinging
|
|
Batting: SHB Chris Besselman
|
0-0: Ball Ken Griffey IV is caught stealing 2nd base 2-6
|
| Bottom of the 1st over - 0 runs, 0 hits, 0 errors, 0 left on base; Batavia 2 - Boise 0 |
| TOP OF THE 2ND |
|
Batavia Muckdogs batting - Pitching for Boise Hawks : RHP D.J. Pedroza
|
|
Batting: RHB Andy Kelly
|
0-0: Ground out 5-3 (Groundball, 56, EV 78.8 MPH)
|
|
Batting: RHB Hiromitsu Yamada
|
0-0: Called Strike 0-1: Foul Ball, location: 2F 0-2: Reached on error, E2 (Groundball, 2L, EV 70.0 MPH)
|
|
Batting: RHB Jeremy Dennis
|
0-0: Called Strike 0-1: Ball 1-1: Ball 2-1: Fielders Choice at 2nd, 4-6 (Groundball, 4, EV 89.4 MPH)
|
|
Batting: SHB Justin Corbett
|
0-0: Ball Jeremy Dennis steals 2nd base 1-0: Fly out, F9 (Flyball, 9LMF, EV 96.2 MPH)
|
| Top of the 2nd over - 0 runs, 0 hits, 1 error, 1 left on base; Batavia 2 - Boise 0 |
| BOTTOM OF THE 2ND |
|
Boise Hawks batting - Pitching for Batavia Muckdogs : RHP Ryan Weedon
|
|
Batting: SHB Chris Besselman
|
0-0: Ball 1-0: Ball 2-0: Swinging Strike 2-1: Ball 3-1: Swinging Strike 3-2: SINGLE (Groundball, 4MD, EV 100.6 MPH)
|
|
Batting: RHB Dan Hoffman
|
0-0: Grounds into double play, 6-4-3 (Groundball, 6, EV 101.2 MPH)
|
|
Batting: RHB Brent Montagano
|
0-0: Ball 1-0: Swinging Strike 1-1: Foul Ball, location: 2F 1-2: Foul Ball, location: 2F 1-2: Strikes out swinging
|
| Bottom of the 2nd over - 0 runs, 1 hit, 0 errors, 0 left on base; Batavia 2 - Boise 0 |
| TOP OF THE 3RD |
|
Batavia Muckdogs batting - Pitching for Boise Hawks : RHP D.J. Pedroza
|
|
Batting: LHB Danny Treto
|
0-0: Fly out, F2 (Popup, 25F, EV 85.0 MPH)
|
|
Batting: RHB Reomel Somera
|
0-0: Called Strike 0-1: Ground out 6-3 (Groundball, 6, EV 91.9 MPH)
|
|
Batting: RHB Justin Dunham
|
0-0: Foul Ball, location: 2F 0-1: Fly out, F8 (Flyball, 8RD, EV 78.8 MPH)
|
| Top of the 3rd over - 0 runs, 0 hits, 0 errors, 0 left on base; Batavia 2 - Boise 0 |
| BOTTOM OF THE 3RD |
|
Boise Hawks batting - Pitching for Batavia Muckdogs : RHP Ryan Weedon
|
|
Batting: RHB Carlos de Jesus
|
0-0: Called Strike 0-1: Swinging Strike 0-2: Strikes out swinging
|
|
Batting: RHB Bob Hayes
|
0-0: Ball 1-0: Called Strike 1-1: Called Strike 1-2: Strikes out swinging
|
|
Batting: RHB Aaron Burnet
|
0-0: Ball 1-0: Fly out, F8 (Flyball, 8LM, EV 85.0 MPH)
|
| Bottom of the 3rd over - 0 runs, 0 hits, 0 errors, 0 left on base; Batavia 2 - Boise 0 |
| TOP OF THE 4TH |
|
Batavia Muckdogs batting - Pitching for Boise Hawks : RHP D.J. Pedroza
|
|
Batting: SHB Greg Rivera
|
0-0: Ball 1-0: Swinging Strike 1-1: Fly out, F8 (Flyball, 8LXD, EV 100.6 MPH)
|
|
Batting: RHB George Boivin
|
0-0: Ball 1-0: Ball 2-0: Ball 3-0: Called Strike 3-1: Base on Balls
|
|
Batting: RHB Andy Kelly
|
0-0: Ball 1-0: Called Strike 1-1: Grounds into double play, 4-6-3 (Groundball, 34, EV 84.4 MPH)
|
| Top of the 4th over - 0 runs, 0 hits, 0 errors, 0 left on base; Batavia 2 - Boise 0 |
| BOTTOM OF THE 4TH |
|
Boise Hawks batting - Pitching for Batavia Muckdogs : RHP Ryan Weedon
|
|
Batting: LHB Jerry Santana
|
0-0: Called Strike 0-1: Foul Ball, location: 2F 0-2: Strikes out swinging
|
|
Batting: SHB Ken Griffey IV
|
0-0: Ball 1-0: Swinging Strike 1-1: DOUBLE (Line Drive, 8LD, EV 113.1 MPH)
|
|
Batting: LHB Jason Ryan
|
0-0: Foul Ball, location: 2F 0-1: Fly out, F8 (Line Drive, 8RD, EV 88.1 MPH) Runner from 2nd tags up, SAFE at 3rd with throw by CF
|
|
Batting: SHB Chris Besselman
|
0-0: Fly out, F5 (Popup, 25, EV 83.1 MPH)
|
| Bottom of the 4th over - 0 runs, 1 hit, 0 errors, 1 left on base; Batavia 2 - Boise 0 |
| TOP OF THE 5TH |
|
Batavia Muckdogs batting - Pitching for Boise Hawks : RHP D.J. Pedroza
|
|
Batting: RHB Hiromitsu Yamada
|
0-0: Called Strike 0-1: Foul Ball, location: 2F 0-2: Ball 1-2: Ground out 6-3 (Groundball, 6, EV 85.6 MPH)
|
|
Batting: RHB Jeremy Dennis
|
0-0: Swinging Strike 0-1: Ball 1-1: Ball 2-1: Called Strike 2-2: Fly out, F9 (Flyball, 89M, EV 80.6 MPH)
|
|
Batting: SHB Justin Corbett
|
0-0: Ball 1-0: Swinging Strike 1-1: Foul Ball, location: 2F 1-2: SINGLE (Flyball, 3D, EV 90.0 MPH)
|
|
Batting: LHB Danny Treto
|
0-0: Ball 1-0: Swinging Strike 1-1: Foul Ball, location: 2F 1-2: Ball 2-2: Foul Ball, location: 2F 2-2: Foul Ball, location: 2F 2-2: Ground out U3 (Groundball, 3, EV 87.5 MPH)
|
| Top of the 5th over - 0 runs, 1 hit, 0 errors, 1 left on base; Batavia 2 - Boise 0 |
| BOTTOM OF THE 5TH |
|
Boise Hawks batting - Pitching for Batavia Muckdogs : RHP Ryan Weedon
|
|
Batting: RHB Dan Hoffman
|
0-0: Ball 1-0: Swinging Strike 1-1: Ball 2-1: Swinging Strike 2-2: Ground out 5-3 (Groundball, 56S, EV 75.6 MPH)
|
|
Batting: RHB Brent Montagano
|
0-0: Called Strike 0-1: Swinging Strike 0-2: Ground out 1-3 (Groundball, 13S, EV 76.2 MPH)
|
|
Batting: RHB Carlos de Jesus
|
0-0: Swinging Strike 0-1: Swinging Strike 0-2: Ball 1-2: Foul Ball, location: 2F 1-2: Foul Ball, location: 2F 1-2: Ball 2-2: Foul Ball, location: 2F 2-2: Ground out 3-1 (Groundball, 34S, EV 88.1 MPH)
|
| Bottom of the 5th over - 0 runs, 0 hits, 0 errors, 0 left on base; Batavia 2 - Boise 0 |
| TOP OF THE 6TH |
|
Batavia Muckdogs batting - Pitching for Boise Hawks : RHP D.J. Pedroza
|
|
Batting: RHB Reomel Somera
|
0-0: Swinging Strike 0-1: Ground out 5-3 (Groundball, 5, EV 81.2 MPH)
|
|
Batting: RHB Justin Dunham
|
0-0: Called Strike 0-1: Ball 1-1: TRIPLE (Flyball, 78XD, EV 108.1 MPH)
|
|
Pitching: RHP Kevin LeRette
|
|
|
Batting: SHB Greg Rivera
|
0-0: Called Strike 0-1: Ball 1-1: Ball 2-1: DOUBLE (Groundball, 5D, EV 95.6 MPH) Justin Dunham scores
|
|
Batting: RHB George Boivin
|
0-0: Ball 1-0: Ball 2-0: Foul Ball, location: 2F 2-1: SINGLE (Groundball, 3D, EV 102.5 MPH) Greg Rivera to third
|
|
Batting: RHB Andy Kelly
|
0-0: Ball 1-0: Swinging Strike 1-1: Ball 2-1: Ball 3-1: Base on Balls George Boivin to second
|
|
Batting: RHB Hiromitsu Yamada
|
0-0: SINGLE (Groundball, 34, EV 107.5 MPH) Greg Rivera scores George Boivin to third Andy Kelly to second
|
|
Batting: RHB Jeremy Dennis
|
0-0: Ball 1-0: Ball 2-0: Fielders Choice at 2nd, 3-6 (Groundball, 34S, EV 78.8 MPH) George Boivin scores Andy Kelly to third
|
|
Batting: SHB Justin Corbett
|
0-0: Ball 1-0: Foul Ball, location: 2F 1-1: Ball 2-1: SINGLE (Line Drive, 34D, EV 106.2 MPH) Andy Kelly scores Jeremy Dennis to second Runner from 2nd tries for 3rd, SAFE, no throw by RF
|
|
Batting: LHB Danny Treto
|
0-0: Ball 1-0: Foul Ball, location: 2F 1-1: Foul Ball, location: 2F 1-2: Ball 2-2: SINGLE (Groundball, 6MS, EV 72.5 MPH) (infield hit) Jeremy Dennis scores Justin Corbett to second
|
|
Pitching: RHP Aaron O'Brien
|
|
|
Batting: RHB Reomel Somera
|
0-0: Ball 1-0: Ball 2-0: Foul Ball, location: 2F 2-1: Ball 3-1: Foul Ball, location: 2F 3-2: Base on Balls Justin Corbett to third Danny Treto to second
|
|
Batting: RHB Justin Dunham
|
0-0: Swinging Strike 0-1: SINGLE (Groundball, 6MD, EV 103.1 MPH) Justin Corbett scores Danny Treto to third Reomel Somera to second Runner from 3rd tries for Home, SAFE, throw by CF to home Reomel Somera to third Justin Dunham to second
|
|
Batting: SHB Greg Rivera
|
0-0: Ball 1-0: Ball 2-0: Swinging Strike 2-1: Ball 3-1: Foul Ball, location: 2F 3-2: Strikes out swinging
|
| Top of the 6th over - 7 runs, 7 hits, 0 errors, 2 left on base; Batavia 9 - Boise 0 |
| BOTTOM OF THE 6TH |
|
Boise Hawks batting - Pitching for Batavia Muckdogs : RHP Ryan Weedon
|
|
Batting: RHB Bob Hayes
|
0-0: Called Strike 0-1: Foul Ball, location: 2F 0-2: Hit by Pitch
|
|
Batting: RHB Aaron Burnet
|
0-0: Called Strike 0-1: Foul Ball, location: 2F 0-2: Ball 1-2: Hit by Pitch Bob Hayes to second
|
|
Batting: LHB Jerry Santana
|
0-0: Called Strike 0-1: Ball 1-1: Ball 2-1: Foul Ball, location: 2F 2-2: Ball 3-2: Foul Ball, location: 2F 3-2: Strikes out swinging
|
|
Batting: SHB Ken Griffey IV
|
0-0: Called Strike 0-1: Foul Ball, location: 2F 0-2: Ball 1-2: Strikes out swinging
|
|
Batting: LHB Jason Ryan
|
0-0: Swinging Strike 0-1: Swinging Strike 0-2: Ball 1-2: Strikes out swinging
|
| Bottom of the 6th over - 0 runs, 0 hits, 0 errors, 2 left on base; Batavia 9 - Boise 0 |
| TOP OF THE 7TH |
|
Batavia Muckdogs batting - Pitching for Boise Hawks : RHP Aaron O'Brien
|
|
Pinch Hitting: RHB Calvin Morin
|
0-0: Called Strike 0-1: Ball 1-1: Ground out 5-3 (Groundball, 5S, EV 69.4 MPH)
|
|
Batting: RHB Andy Kelly
|
0-0: Foul Ball, location: 2F 0-1: Ball 1-1: Fly out, F6 (Popup, 6M, EV 65.0 MPH)
|
|
Pinch Hitting: RHB Justin Layton
|
0-0: Ball 1-0: Called Strike 1-1: Ball 2-1: Ball 3-1: Called Strike 3-2: Ground out 6-3 (Groundball, 6, EV 83.8 MPH)
|
| Top of the 7th over - 0 runs, 0 hits, 0 errors, 0 left on base; Batavia 9 - Boise 0 |
| BOTTOM OF THE 7TH |
|
Boise Hawks batting - Pitching for Batavia Muckdogs : RHP Ryan Weedon
|
|
Pitching: RHP Alfonso Mier
|
|
|
Now in LF: Justin Layton
|
|
|
Now in CF: Calvin Morin
|
|
|
Batting: SHB Chris Besselman
|
0-0: Ball 1-0: Ground out 4-3 (Groundball, 4, EV 88.1 MPH)
|
|
Batting: RHB Dan Hoffman
|
0-0: Called Strike 0-1: Swinging Strike 0-2: DOUBLE (Groundball, 5L, EV 104.4 MPH)
|
|
Batting: RHB Brent Montagano
|
0-0: Fly out, F8 (Flyball, 78M, EV 78.1 MPH)
|
|
Batting: RHB Carlos de Jesus
|
0-0: Called Strike 0-1: Ball Wild Pitch! Dan Hoffman to third 1-1: Ball 2-1: Foul Ball, location: 2F 2-2: Ball 3-2: Base on Balls
|
|
Batting: RHB Bob Hayes
|
0-0: Foul Ball, location: 2F 0-1: Called Strike 0-2: Ball 1-2: Ball 2-2: Foul Ball, location: 2F 2-2: Foul Ball, location: 2F 2-2: Ball 3-2: Base on Balls Carlos de Jesus to second
|
|
Pinch Hitting: SHB Brad Madden
|
0-0: Ground out 3-1 (Groundball, 34S, EV 81.9 MPH)
|
| Bottom of the 7th over - 0 runs, 1 hit, 0 errors, 3 left on base; Batavia 9 - Boise 0 |
| TOP OF THE 8TH |
|
Batavia Muckdogs batting - Pitching for Boise Hawks : RHP Aaron O'Brien
|
|
Now in LF: Brad Madden
|
|
|
Batting: RHB Jeremy Dennis
|
0-0: Ball 1-0: Called Strike 1-1: Called Strike 1-2: Strikes out swinging
|
|
Batting: SHB Justin Corbett
|
0-0: Foul Ball, location: 2F 0-1: Ball 1-1: Swinging Strike 1-2: Foul Ball, location: 2F 1-2: Ball 2-2: Ball 3-2: SINGLE (Groundball, 4D, EV 102.5 MPH)
|
|
Pitching: LHP Matt Belair
|
|
|
Pinch Hitting: RHB Junro Kato
|
0-0: Fly out, F9 (Flyball, 9, EV 92.5 MPH)
|
|
Batting: RHB Reomel Somera
|
0-0: Foul Ball, location: 2F 0-1: Fly out, F9 (Line Drive, 9LM, EV 84.4 MPH)
|
| Top of the 8th over - 0 runs, 1 hit, 0 errors, 1 left on base; Batavia 9 - Boise 0 |
| BOTTOM OF THE 8TH |
|
Boise Hawks batting - Pitching for Batavia Muckdogs : RHP Alfonso Mier
|
|
Now in RF: Junro Kato
|
|
|
Batting: LHB Jerry Santana
|
0-0: Ball 1-0: Fly out, F7 (Flyball, 78D, EV 91.2 MPH)
|
|
Batting: SHB Ken Griffey IV
|
0-0: Ball 1-0: Called Strike 1-1: Ground out U3 (Groundball, 34, EV 96.9 MPH)
|
|
Batting: LHB Jason Ryan
|
0-0: Ball 1-0: Ball 2-0: Ground out 3-1 (Groundball, 34S, EV 84.4 MPH)
|
| Bottom of the 8th over - 0 runs, 0 hits, 0 errors, 0 left on base; Batavia 9 - Boise 0 |
| TOP OF THE 9TH |
|
Batavia Muckdogs batting - Pitching for Boise Hawks : LHP Matt Belair
|
|
Pitching: RHP Ryan Squire
|
|
|
Batting: RHB Justin Dunham
|
0-0: Ball 1-0: Foul Ball, location: 2F 1-1: Ball 2-1: Ball 3-1: Swinging Strike 3-2: SINGLE (Line Drive, 7S, EV 111.2 MPH)
|
|
Batting: SHB Greg Rivera
|
0-0: Ball 1-0: Foul Ball, location: 2F 1-1: Ball 2-1: Ball 3-1: Swinging Strike 3-2: Fly out, F8 (Flyball, 8LM, EV 88.8 MPH)
|
|
Batting: RHB Calvin Morin
|
0-0: Called Strike 0-1: Foul Ball, location: 2F 0-2: Ball Wild Pitch! Justin Dunham to second 1-2: Foul Ball, location: 2F 1-2: Strikes out looking
|
|
Batting: RHB Andy Kelly
|
0-0: Ball 1-0: Ball 2-0: Ball 3-0: Called Strike 3-1: Reached on error, E3 (Groundball, 34, EV 85.0 MPH) Justin Dunham to third
|
|
Batting: RHB Justin Layton
|
0-0: Ball 1-0: Ball 2-0: Ball 3-0: Called Strike 3-1: Base on Balls Andy Kelly to second
|
|
Batting: RHB Jeremy Dennis
|
0-0: Ball 1-0: Ball 2-0: Called Strike 2-1: DOUBLE (Groundball, 5L, EV 109.4 MPH) Justin Dunham scores Andy Kelly scores Justin Layton to third Runner from 3rd tries for Home, SAFE, no throw by LF
|
|
Batting: SHB Justin Corbett
|
0-0: Called Strike 0-1: Ball 1-1: Ball 2-1: Ball 3-1: Base on Balls
|
|
Batting: RHB Junro Kato
|
0-0: Fielders Choice at 2nd, 6-4 (Groundball, 6, EV 101.9 MPH)
|
| Top of the 9th over - 3 runs, 2 hits, 1 error, 2 left on base; Batavia 12 - Boise 0 |
| BOTTOM OF THE 9TH |
|
Boise Hawks batting - Pitching for Batavia Muckdogs : RHP Alfonso Mier
|
|
Batting: SHB Chris Besselman
|
0-0: Foul Ball, location: 2F 0-1: Ball 1-1: Foul Ball, location: 2F 1-2: Strikes out swinging
|
|
Batting: RHB Dan Hoffman
|
0-0: Swinging Strike 0-1: Foul Ball, location: 2F 0-2: Ball 1-2: Ball 2-2: Foul Ball, location: 2F 2-2: Ball 3-2: Foul Ball, location: 2F 3-2: Foul Ball, location: 2F 3-2: Foul Ball, location: 2F 3-2: Base on Balls
|
|
Batting: RHB Brent Montagano
|
0-0: Called Strike 0-1: Fly out, F9 (Flyball, 9LSF, EV 90.6 MPH)
|
|
Batting: RHB Carlos de Jesus
|
0-0: Ball 1-0: Foul Ball, location: 2F 1-1: Foul Ball, location: 2F 1-2: SINGLE (Groundball, 13S, EV 61.9 MPH) (infield hit) Dan Hoffman to second
|
|
Pitching: RHP Glen Patterson
|
|
|
Batting: RHB Bob Hayes
|
0-0: Called Strike 0-1: Called Strike 0-2: Strikes out swinging
|
| Bottom of the 9th over - 0 runs, 1 hit, 0 errors, 2 left on base; Batavia 12 - Boise 0 |
|